 Dungeon Crawl Stone Soup version 0.24.1-8-ga250c9d538 (webtiles) character file.

Game seed: 15884494149138140484, levelgen mode: deterministic

259 Hugehornet the Changer (level 6, -4/38 HPs)
             Began as an Octopode Transmuter on May 2, 2020.
             Shot with an arrow by a centaur (13 damage)
             ... on level 4 of the Dungeon.
             The game lasted 00:10:07 (4522 turns).

Hugehornet the Changer (Octopode Transmuter)        Turns: 4522, Time: 00:10:07

Health: -4/38      AC:  1    Str:  9    XL:     6   Next: 17%
Magic:  0/9        EV: 13    Int: 18    God:
Gold:   295        SH:  0    Dex: 12    Spells: 3/9 levels left

rFire    . . .     SeeInvis +     - Unarmed
rCold    . . .     Gourm    .   (no shield)
rNeg     . . .     Faith    .   (helmet restricted)
rPois    +         Spirit   .   m - amulet of the acrobat
rElec    .         Reflect  .   j - ring of poison resistance
rCorr    .         Harm     .   p - ring of attention (curse)
MR       .....                  t - ring of see invisible
Stlth    +.........             (no ring)
HPRegen  0.12/turn              (no ring)
MPRegen  0.11/turn              (no ring)
                                (no ring)
                                (no ring)

@: no status effects
A: almost no armour, stealthy swim, amphibious, 8 rings, constrict 8, camouflage
1, gelatinous body 1
a: no special abilities


You were on level 4 of the Dungeon.
You were very hungry.

You visited 1 branch of the dungeon, and saw 4 of its levels.
You also visited: Sewer.

You collected 295 gold pieces.

Inventory:

Missiles
 a - 132 arrows
Armour
 x - a +0 shield
Jewellery
 j - a ring of poison resistance (left tentacle)
 m - an amulet of the acrobat (around mantle)
 p - a cursed ring of attention (right tentacle)
 t - a ring of see invisible (on tentacle)
 w - a +2 ring of protection {unknown}
Scrolls
 b - 3 scrolls of fear
 d - 2 scrolls of amnesia
 f - 3 scrolls of teleportation
 g - a scroll of random uselessness
 s - 2 scrolls of identify
 u - a scroll of enchant armour {unknown}
 v - a scroll of remove curse {unknown}
Potions
 e - a potion of heal wounds
 h - 2 potions of ambrosia {unknown}
 i - 3 potions of curing {unknown}
 k - a potion of lignification {unknown}
 l - a potion of invisibility {unknown}
 n - a potion of haste {unknown}
 o - 3 potions of degeneration {unknown}
 q - 3 potions of flight
 r - 2 potions of agility {unknown}
Comestibles
 c - 7 rations


   Skills:
 - Level 1.0 Fighting
 - Level 2.0 Dodging
 * Level 3.3 Unarmed Combat
 - Level 2.0 Spellcasting
 + Level 6.1 Transmutations


You had 3 spell levels left.
You knew the following spells:

 Your Spells              Type           Power        Failure   Level  Hunger
a - Beastly Appendage     Tmut           ###...       1%          1    #......
b - Sticks to Snakes      Tmut           ###.....     2%          2    ###....
c - Spider Form           Tmut/Pois      ##........   16%         3    ###....

Your spell library contained the following spells:

 Spells                   Type           Power        Failure   Level  Hunger
 Blade Hands              Tmut           ###.......   38%         5    ######.
 Ice Form                 Ice/Tmut       ##......     45%         4    #####..


Dungeon Overview and Level Annotations

Branches:
Dungeon (4/15)              Sewer (visited)
 Temple: D:4-7

Altars:
Nemelex Xobeh
Ru

Annotations:
D:4 1 runed translucent door, Sassenached's ghost, amateur DrWn


Innate Abilities, Weirdness & Mutations

You cannot wear most types of armour.
You are very stealthy in the water. (Stealth+)
You are amphibious.
You can wear up to eight rings at the same time.
You can use your tentacles to constrict eight enemies at once.
Your skin changes colour to match your surroundings (Stealth+).
Your rubbery body absorbs attacks. (AC +1, EV +1)


Message History

You see here an arrow.
Casting: Sticks to Snakes (safe; 2% risk of failure)
Confirm with . or Enter, or press ? or * to list all spells.
You create a snake!
You now have 134 arrows.
The centaur shoots an arrow.
The arrow hits you!
* * * LOW HITPOINT WARNING * * *
The centaur shoots an arrow.
The arrow closely misses you. The arrow hits your ball python!
Your ball python dies!
Casting: Sticks to Snakes (safe; 2% risk of failure)
Confirm with . or Enter, or press ? or * to list all spells.
You create a snake!
You now have 133 arrows.
The centaur shoots an arrow.
The arrow closely misses your adder. The arrow closely misses you.
Casting: Sticks to Snakes (safe; 2% risk of failure)
Confirm with . or Enter, or press ? or * to list all spells.
You create a snake!
You now have 132 arrows.
The centaur shoots an arrow.
The arrow hits your adder.
The centaur shoots an arrow.
The arrow closely misses your adder. The arrow hits you!
You die...

# ....... ...$... ...$^..
######### ..c....
######.......########.?.....
.##..............c((c.......
..............(.(#########.#
.###............S# [#
#..........SS@# .#
##..........(## .#
############# .# .# .# ## #.
#.


You could see a centaur, a friendly adder and 2 friendly ball pythons.

Vanquished Creatures
  An orc wizard (D:2)
  Jessica (D:3)
  An iguana (D:2)
  5 adders
  5 oozes (Sewer)
  7 worms
  A dart slug (D:1)
  7 leopard geckos
  2 ball pythons (D:2)
  7 giant cockroaches
  5 goblins
  7 hobgoblins
  8 jackals
  9 kobolds
  16 bats
  4 frilled lizards
  4 rats
90 creatures vanquished.

Notes
Turn   | Place    | Note
-------+----------+-------------------------------------------
     0 | D:1      | Hugehornet the Octopode Transmuter began the quest for the
                  | Orb.
     0 | D:1      | Reached XP level 1. HP: 13/13 MP: 3/3
   368 | D:1      | Reached XP level 2. HP: 18/18 MP: 3/5
   498 | D:1      | Reached skill level 3 in Transmutations
   556 | D:1      | You fall into a shaft and drop 1 floor!
   571 | D:2      | Found a sacrificial altar of Ru.
   633 | D:2      | Found a transporter.
   634 | D:2      | Found a sparkling altar of Nemelex Xobeh.
   639 | D:2      | Found a transporter.
   693 | D:2      | Reached XP level 3. HP: 19/23 MP: 4/6
   697 | D:2      | Learned a level 2 spell: Sticks to Snakes
   701 | D:2      | Learned a level 3 spell: Spider Form
   795 | D:2      | Found a faded altar of an unknown god.
  1277 | D:2      | Reached skill level 4 in Transmutations
  1541 | D:2      | You fall into a shaft and drop 2 floors!
  1618 | D:4      | Found a glowing drain.
  1623 | D:4      | Reached XP level 4. HP: 24/28 MP: 5/7
  1644 | Sewer    | Entered a sewer
  2382 | Sewer    | HP: 1/28 [worm (12)]
  2781 | Sewer    | Reached skill level 5 in Transmutations
  2781 | Sewer    | Reached XP level 5. HP: 29/33 MP: 6/8
  3238 | D:2      | HP: 1/33 [adder (3)]
  3634 | D:3      | Reached skill level 6 in Transmutations
  3834 | D:3      | Noticed Jessica
  3910 | D:3      | Killed Jessica
  3910 | D:3      | Reached XP level 6. HP: 36/38 MP: 6/9
  4464 | D:4      | Found a runed translucent door.
  4465 | D:4      | Noticed Sassenached's ghost (amateur DrWn)
  4522 | D:4      | Shot with an arrow by a centaur

Levels and vault maps discovered:
D:1:      minmay_arrival_nine_rooms, layout_loops_ring, fountainhead,
          minmay_misc_feat_rugged, grunt_decor_resistance
D:2:      layout_loops_ring, gammafunk_temple_overflow_arena,
          nicolae_overflow_hidden_temple, chequers_ecumenical_altar_island,
          kennysheep_generic_room_11
D:3:      layout_rooms, uniq_jessica
D:4:      layout_cave_pods, chequers_temple_overflow_statue_of_worship,
          ebering_ghost_sewer_d, portal_sewer_entry_f, uniq_eustachio,
          uniq_grinder

Skill      XL: |  1  2  3  4  5 |
---------------+----------------+-----
Transmutations | 3 4 5 6 |  6.1
Fighting       | |  1.0
Dodging        | |  2.0
Unarmed Combat | |  3.3
Spellcasting   | |  2.0

Action                   |  1- 3 |  4- 6 || total
-------------------------+-------+-------++-------
Melee: Unarmed           |    92 |   169 ||   261
       Constrict         |    27 |    31 ||    58
       Kick              |    14 |    33 ||    47
       Tentacles         |    10 |    19 ||    29
       Punch             |     1 |     1 ||     2
 Cast: Beastly Appendage |    27 |    23 ||    50
       Spider Form       |       |     2 ||     2
       Sticks to Snakes  |       |     5 ||     5
  Use: Scroll            |     5 |     2 ||     7
       Potion            |       |     1 ||     1
 Stab: Sleeping          |     7 |     3 ||    10
  Eat: Chunk             |     2 |     6 ||     8
       Ration            |       |     1 ||     1
Armor: Skin              |     4 |    25 ||    29
Dodge: Dodged            |    55 |   172 ||   227
